 Dungeon Crawl Stone Soup version 0.22.1-1-ga44c0e5 (webtiles) character file.

630 MalarOregon the Shield-Bearer (level 7, 0/61 HPs)
             Began as a Minotaur Fighter on Sept 22, 2018.
             Was an Initiate of Yredelemnul.
             Killed from afar by Dowan (4 damage)
             ... with a wand of flame (12)
             ... on level 5 of the Dungeon.
             The game lasted 00:08:00 (3818 turns).

MalarOregon the Shield-Bearer (Minotaur Fighter)    Turns: 3818, Time: 00:08:01

Health: 0/61       AC:  8    Str: 26    XL:     7   Next: 24%
Magic:  6/6        EV:  9    Int:  7    God:    Yredelemnul [......]
Gold:   203        SH: 10    Dex:  9    Spells: 6/6 levels left

rFire    . . .     SeeInvis .   a - +0 flail
rCold    + . .     Gourm    +   c - +0 shield
rNeg     + . .     Faith    .   p - +0 scale mail {rC+}
rPois    .         Spirit   .   (helmet restricted)
rElec    .         Reflect  .   u - +0 cloak
rCorr    .         Harm     .   (no gloves)
MR       +....                  (no boots)
Stlth    ..........             i - amulet of the gourmand
HPRegen  0.20/turn              f - ring of positive energy
MPRegen  0.10/turn              l - ring of protection from magic

@: mighty
A: retaliatory headbutt, horns 2
a: Renounce Religion


You were on level 5 of the Dungeon.
You worshipped Yredelemnul.
Yredelemnul was noncommittal.
You were very full.

You visited 2 branches of the dungeon, and saw 6 of its levels.

You collected 203 gold pieces.

Inventory:

Hand Weapons
 a - a +0 flail (weapon)
Armour
 c - a +0 shield (worn)
 p - a +0 scale mail of cold resistance (worn)
   (You took it off Terence on level 2 of the Dungeon)
 u - a +0 cloak (worn)
   (You found it on level 4 of the Dungeon)
Jewellery
 f - a ring of positive energy (left hand)
   (You found it on level 3 of the Dungeon)
 i - an amulet of the gourmand (around neck)
   (You found it on level 1 of the Dungeon)
 l - a ring of protection from magic (right hand)
   (You found it on level 4 of the Dungeon)
 y - an uncursed ring of poison resistance {unknown}
   (You found it on level 4 of the Dungeon)
 z - a +3 ring of intelligence {unknown}
   (You found it on level 4 of the Dungeon)
Scrolls
 b - 5 scrolls of identify {unknown}
 h - 3 scrolls of remove curse {unknown}
 j - a scroll of immolation {unknown}
 k - 2 scrolls of fear {unknown}
 n - 2 scrolls of enchant armour {unknown}
 o - 3 scrolls of amnesia {unknown}
 q - 2 scrolls of teleportation {unknown}
 w - 2 scrolls of random uselessness {unknown}
 x - a scroll of fog {unknown}
Potions
 d - a potion of might
 g - a potion of berserk rage {unknown}
 m - a potion of curing {@q1}
 r - a potion of haste {unknown}
 s - a potion of flight {unknown}
 v - a potion of magic {unknown}
Comestibles
 e - 5 rations {!d}


   Skills:
 + Level 5.5 Fighting
 + Level 4.9 Maces & Flails
 + Level 5.5 Armour
 + Level 3.5 Dodging
 + Level 5.6 Shields


You had 6 spell levels left.
You didn't know any spells.
Your spell library was empty.

Dungeon Overview and Level Annotations

Branches:
Dungeon (5/15)             Temple (1/1) D:4

Altars:
Ashenzari
Cheibriados
Dithmenos
Elyvilon
Fedhas
Gozag
Hepliaklqana
Kikubaaqudgha
Makhleb
Nemelex Xobeh
Okawaru
Qazlal
Ru
Sif Muna
Trog
Uskayaw
Vehumet
Wu Jian
Xom
Yredelemnul
Zin
The Shining One

Annotations:
D:5 Dowan


Innate Abilities, Weirdness & Mutations

You reflexively headbutt those who attack you in melee.
You have a pair of horns on your head.


Message History

Duvessa says, "Where magic fails, the sword succeeds!"
You block Duvessa's attack.
Dowan says, "Stay away from my face!"
Dowan hits you but does no damage.
You hit Duvessa.
Duvessa hits you with a short sword of freezing!
* * * LOW HITPOINT WARNING * * *
Duvessa freezes you.
* * * LOW HITPOINT WARNING * * *
Dowan zaps a wand.
The puff of flame hits you!
Duvessa hits you with a short sword of freezing!
* * * LOW HITPOINT WARNING * * *
Duvessa freezes you.
* * * LOW HITPOINT WARNING * * *
Unknown command.
You hit Duvessa. Your headbutt misses Duvessa.
Duvessa hits you with a short sword of freezing!
* * * LOW HITPOINT WARNING * * *
Duvessa freezes you.
* * * LOW HITPOINT WARNING * * *
Dowan closely misses you. Duvessa hits you but does no damage.
Unknown command.
It was a potion of curing.
You feel better. Dowan barely misses you. Duvessa hits you but does no damage.
You feel very mighty all of a sudden.
Duvessa hits you with a short sword of freezing.
* * * LOW HITPOINT WARNING * * *
Duvessa freezes you.
* * * LOW HITPOINT WARNING * * *
Dowan says, "Where the sword fails, magic succeeds!"
You block Dowan's attack. Duvessa hits you but does no damage.
You hit Duvessa. You block Duvessa's attack. You block Dowan's attack.
Duvessa hits you with a short sword of freezing.
* * * LOW HITPOINT WARNING * * *
Dowan hits you but does no damage.
Unknown command.
You closely miss Duvessa. You block Duvessa's attack.
Dowan zaps a wand.
The puff of flame misses you. You block Duvessa's attack.
Unknown command.
You sock Duvessa!
You kill Duvessa!
Yredelemnul accepts your kill.
Dowan's eyes darken. "You have made a black mistake."
Dowan seems to find hidden reserves of power!
Dowan zaps a wand.
The puff of flame hits you!
You die...
Your body rises from the dead as a mindless zombie.

#.....
.. .....
.#
....##.#
......#
.....#
#....#
#e)..#
#.@..#
#...##
+...#
#...#
#####


You could see Dowan.

Vanquished Creatures
  Duvessa (D:5)
  A phantom (D:2)
  A scorpion (D:4)
  A howler monkey (D:4)
  2 hounds (D:4)
  Terence (D:2)
  Natasha (thrice) (D:1)
  4 gnolls
  7 adders
  5 worms
  3 dart slugs
  3 leopard geckos
  2 orcs (D:3)
  11 bats
  5 giant cockroaches
  5 goblins
  7 hobgoblins
  2 jackals
  A quokka (D:4)
  3 ball pythons
  8 frilled lizards
  A jackal skeleton (D:4)
  9 kobolds
  2 quokka skeletons (D:4)
  10 rats
98 creatures vanquished.

Vanquished Creatures (others)
  A plant (D:3)
1 creature vanquished.

Grand Total: 99 creatures vanquished

Notes
Turn   | Place    | Note
-------+----------+-------------------------------------------
     0 | D:1      | MalarOregon the Minotaur Fighter began the quest for the
                  | Orb.
     0 | D:1      | Reached XP level 1. HP: 19/19 MP: 0/0
    79 | D:1      | Reached XP level 2. HP: 24/27 MP: 1/1
   239 | D:1      | Reached skill level 1 in Dodging
   373 | D:1      | Reached XP level 3. HP: 33/33 MP: 2/2
   680 | D:2      | Noticed a phantom
   742 | D:2      | Reached XP level 4. HP: 6/40 MP: 3/3
   768 | D:2      | Killed a phantom
   768 | D:2      | Reached XP level 5. HP: 10/47 MP: 4/4
  1045 | D:2      | Noticed Natasha
  1069 | D:1      | Killed Natasha
  1504 | D:1      | Noticed Natasha
  1511 | D:1      | Killed Natasha
  1869 | D:1      | Noticed Natasha
  1876 | D:1      | Killed Natasha
  1988 | D:2      | Noticed Terence
  2047 | D:2      | Killed Terence
  2047 | D:2      | Reached XP level 6. HP: 50/55 MP: 5/5
  2406 | D:2      | Found a stormy altar of Qazlal.
  2556 | D:3      | Reached skill level 5 in Shields
  2682 | D:3      | Found a shattered altar of Ashenzari.
  2686 | D:3      | Saw a vision of the Swamp and the Spider Nest.
  2686 | D:3      | Noticed a hornet
  2686 | D:3      | Noticed a swamp drake
  2686 | D:3      | Noticed an alligator
  2686 | D:3      | Noticed an alligator
  2686 | D:3      | Noticed a hornet
  2686 | D:3      | Noticed a wolf spider
  2686 | D:3      | Noticed a hornet
  2686 | D:3      | Noticed a redback
  2687 | D:3      | Noticed a wolf spider
  2687 | D:3      | Noticed a redback
  2870 | D:3      | Reached skill level 5 in Fighting
  3027 | D:4      | Reached skill level 5 in Armour
  3299 | D:4      | Found a staircase to the Ecumenical Temple.
  3306 | D:4      | Reached XP level 7. HP: 54/61 MP: 6/6
  3506 | Temple   | Entered the Ecumenical Temple
  3760 | Temple   | Became a worshipper of Yredelemnul the Dark
  3799 | D:5      | Entered Level 5 of the Dungeon
  3799 | D:5      | Noticed Duvessa
  3799 | D:5      | Noticed Dowan
  3816 | D:5      | HP: 3/61 [Duvessa/short sword of freezing (5)]
  3818 | D:5      | Killed Duvessa
  3818 | D:5      | Killed from afar by Dowan

Skill      XL: |  1  2  3  4  5  6 |
---------------+-------------------+-----
Dodging        | 1 2 3 |  3.5
Fighting       | 4 5 |  5.5
Armour         | 4 5 |  5.5
Shields        | 4 5 |  5.6
Maces & Flails | 3 4 |  4.9

Action                   |  1- 3 |  4- 6 |  7- 9 || total
-------------------------+-------+-------+-------++-------
Melee: Flail             |   104 |   169 |    18 ||   291
       Headbutt          |    10 |    25 |     1 ||    36
  Use: Potion            |       |       |     2 ||     2
  Eat: Chunk             |       |    23 |     1 ||    24
Armor: Scale mail        |    46 |    66 |    13 ||   125
Dodge: Dodged            |    21 |    72 |     7 ||   100
Block: Shield            |    48 |    98 |    14 ||   160
